 Dungeon Crawl Stone Soup version 0.29.1-1-gd02db6906a (webtiles) character file.

Game seed: 6209074878827938318

14371 mtoz the Skirmisher (level 12, -26/97 HPs)
             Began as a Gnoll Wanderer on Sept 15, 2022.
             Was a Believer of Makhleb.
             Annihilated by a boulder beetle (30 damage)
             ... on level 13 of the Dungeon on Sept 16, 2022.
             The game lasted 02:11:33 (14804 turns).

mtoz the Skirmisher (Gnoll Wanderer)               Turns: 14804, Time: 02:11:33

Health: -26/97     AC: 32    Str: 14    XL:     12   Next: 15%
Magic:  22/22      EV:  6    Int: 12    God:    Makhleb [**....]
Gold:   1027       SH:  0    Dex: 14    Spells: 16/25 levels left

rFire   . . .      SeeInvis +   f - +2 morningstar (protect)
rCold   . . .      Faith    +   (no shield)
rNeg    . . .      Spirit   .   Q - +0 plate armour
rPois   +          Reflect  .   g - +2 hat
rElec   .          Harm     .   x - +1 cloak "Asoluef" {rPois Slay+2}
rCorr   .          Rampage  .   (no gloves)
Will    .....                   T - +2 pair of boots
Stlth   ..........              H - amulet of faith
HPRegen 0.26/turn               y - +4 ring of protection
MPRegen 0.18/turn               D - ring of see invisible

@: under a protective aura
A: fangs 1, strong nose, distributed training, mutation resistance 1
a: Renounce Religion, Minor Destruction


You were on level 13 of the Dungeon.
You worshipped Makhleb.
Makhleb was pleased with you.
You visited 3 branches of the dungeon, and saw 15 of its levels.

You collected 1311 gold pieces.
You spent 284 gold pieces at shops.

Inventory:

Hand Weapons
 a - a +3 sling of electrocution
 f - a +2 morningstar of protection (weapon)
 n - a +0 flail
 p - a +0 dire flail
 C - a +4 quarterstaff of chaos
Missiles
 F - a boomerang (quivered)
 U - 3 silver javelins
Armour
 g - a +2 hat (worn)
 x - the +1 cloak "Asoluef" (worn) {rPois Slay+2}
   (You found it on level 6 of the Dungeon)

   Slay:      It affects your accuracy & damage with ranged weapons and melee
   (+2).
   rPois:     It protects you from poison.
 J - the +1 robe "Miuxyri" {Regen+ Str+2 Stlth-}
   (You found it on level 3 of the Dungeon)

   Str:       It affects your strength (+2).
   Regen:     It increases your rate of health regeneration.
   Stlth:     It makes you less stealthy.
 Q - a +0 plate armour (worn)
 T - a +2 pair of boots (worn)
Magical Staves
 P - a staff of poison
Jewellery
 c - a ring of poison resistance
 u - a ring of willpower
 y - a +4 ring of protection (left hand)
 D - a ring of see invisible (right hand)
 H - an amulet of faith (around neck)
Wands
 i - a wand of paralysis (17)
 o - a wand of light (19)
 A - a wand of flame (25)
 N - a wand of mindburst (18)
 O - a wand of iceblast (26)
Scrolls
 b - 2 scrolls of enchant armour
 d - 4 scrolls of blinking
 e - 2 scrolls of summoning
 k - 3 scrolls of magic mapping
 q - 3 scrolls of fear
 r - 2 scrolls of teleportation
 s - a scroll of identify
 v - 2 scrolls of vulnerability
 w - 2 scrolls of poison
 L - 2 scrolls of butterflies
 S - 3 scrolls of immolation
Potions
 j - 2 potions of lignification
 l - 4 potions of might
 z - a potion of brilliance
 G - 3 potions of mutation
 M - a potion of berserk rage
 R - a potion of resistance
 W - a potion of ambrosia
 X - a potion of flight
 Z - a potion of attraction
Miscellaneous
 I - a phantom mirror


   Skills:
 + Level 9.9 Fighting
 + Level 7.8 Short Blades
 + Level 7.3 Long Blades
 + Level 7.3 Axes
 + Level 7.3 Maces & Flails
 + Level 7.3 Polearms
 + Level 7.3 Staves
 + Level 11.2 Ranged Weapons
 + Level 7.3 Throwing
 + Level 7.8 Armour
 + Level 7.8 Dodging
 + Level 7.3 Stealth
 + Level 7.3 Shields
 + Level 7.3 Unarmed Combat
 + Level 7.3 Spellcasting
 + Level 6.0 Conjurations
 + Level 6.0 Hexes
 + Level 6.0 Summonings
 + Level 6.0 Necromancy
 + Level 6.0 Translocations
 + Level 6.0 Transmutations
 + Level 6.0 Fire Magic
 + Level 6.0 Ice Magic
 + Level 6.0 Air Magic
 + Level 6.0 Earth Magic
 + Level 6.0 Poison Magic
 + Level 8.0 Invocations
 + Level 7.3 Evocations


You had 16 spell levels left.
You knew the following spells:

 Your Spells              Type           Power      Damage    Failure   Level
a - Blink                 Tloc           36%        N/A       75%         2
b - Slow                  Hex            72%        N/A       61%         1
c - Lesser Beckoning      Tloc           18%        N/A       93%         3
d - Vampiric Draining     Necr           18%        2d7       93%         3

Your spell library contained the following spells:

 Spells                   Type           Power      Damage    Failure   Level
 Freeze                   Ice            72%        1d9       61%         1
 Confusing Touch          Hex            18%        N/A       93%         3
 Frozen Ramparts          Ice            36%        1d6       93%         3
 Hailstorm                Conj/Ice       18%        3d6       100%        4
 Freezing Cloud           Conj/Ice/Air   9%         6-21      100%        5
 Manifold Assault         Tloc           18%        N/A       100%        5
 Simulacrum               Ice/Necr       9%         N/A       100%        6
 Polar Vortex             Ice            9%         N/A       100%        9


Dungeon Overview and Level Annotations

Branches:
Dungeon (13/15)            Temple (1/1) D:6            Lair (1/5) D:11
    Orc: D:9-12      Vaults: D:13-14

Altars:
Ashenzari
Cheibriados
Dithmenos
Elyvilon
Fedhas
Gozag
Hepliaklqana
Kikubaaqudgha
Makhleb
Nemelex Xobeh
Okawaru
Qazlal
Ru
Sif Muna
Trog
Uskayaw
Vehumet
Wu Jian
Xom
Yredelemnul
Zin
The Shining One

Shops:
D:1 ::   D:5 *[[*   D:10 *   D:11 (


Innate Abilities, Weirdness & Mutations

You have very sharp teeth.
Your uncanny sense of smell can sniff out nearby items.
Your experience applies equally to all skills.
You are somewhat resistant to further mutation.


Message History

You hit the boulder beetle but do no damage.
The boulder beetle is almost dead.
The boulder beetle bites you!
* * * LOW HITPOINT WARNING * * *
The boulder beetle leaps!
Throw: 2 boomerangs
Press: ? - help, Q - select action, (/) - cycle Shift-Dir - straight line, f/p - boulder beetle
Aim: a boulder beetle (almost dead, 91% to hit)
You throw a boomerang.
The boomerang hits the boulder beetle but does no damage.
The boulder beetle is almost dead.
Throw: 2 boomerangs
Press: ? - help, Q - select action, (/) - cycle Shift-Dir - straight line, f/p - boulder beetle
Aim: a boulder beetle (almost dead, 91% to hit)
You throw a boomerang.
The boomerang hits the boulder beetle but does no damage.
The boulder beetle is almost dead.
The boulder beetle curls into a ball and begins rolling!
Throw: 2 boomerangs
Press: ? - help, Q - select action, (/) - cycle Shift-Dir - straight line, f/p - boulder beetle
Aim: a boulder beetle (almost dead, rolling, 91% to hit)
You throw a boomerang.
The boomerang hits the boulder beetle but does no damage.
The boulder beetle is almost dead.
Throw: 2 boomerangs
Press: ? - help, Q - select action, (/) - cycle Shift-Dir - straight line, f/p - boulder beetle
Aim: a boulder beetle (almost dead, rolling, 91% to hit)
You throw a boomerang. The boomerang hits the boulder beetle!
The boulder beetle is almost dead.
Throw: 2 boomerangs
Press: ? - help, Q - select action, (/) - cycle Shift-Dir - straight line, f/p - boulder beetle
Aim: a boulder beetle (almost dead, rolling, 91% to hit)
You throw a boomerang.
The boomerang hits the boulder beetle but does no damage.
The boulder beetle is almost dead.
You hit the boulder beetle.
Your weapon exudes an aura of protection.
The boulder beetle is almost dead.
The boulder beetle hits you!!
You die...

...........#
...........#
...........#
...........#
..........?#
...........#
...........#
..°°°°B@...#
...........#
...........#
##########.#
.# #


You could see a boulder beetle (rolling).

Vanquished Creatures
  Gastronok (D:9)
  Lodul (Lair:1)
  Pikel (D:8)
  An ugly thing (D:13)
  A cyclops (D:13)
  Joseph (D:7)
  2 unseen horrors
  A kobold demonologist (D:13)
  Psyche (D:8)
  A komodo dragon (D:10)
  A gargoyle (D:13)
  Maggie (D:10)
  Prince Ribbit (D:6)
  4 wyverns (D:11)
  2 wraiths
  Eustachio (D:6)
  A basilisk (D:11)
  14 yaks
  A vampire mosquito (D:13)
  A steam dragon (D:8)
  4 water moccasins
  Duvessa (D:5)
  5 orc warriors
  4 black bears
  7 ogres
  A sky beast (D:7)
  2 ice beasts (D:5)
  3 wolves
  3 centaurs
  A phantom (D:4)
  A kobold brigand (D:8)
  4 bullfrogs
  A gnoll sergeant (D:6)
  A necrophage (D:4)
  4 scorpions
  6 wights
  Dowan (D:5)
  17 killer bees
  3 electric eels (D:3)
  5 howler monkeys
  4 hounds
  7 orc priests
  Crazy Yiuf (D:3)
  An iguana (D:11)
  A gnoll bouda (D:5)
  10 orc wizards
  15 gnolls
  12 adders
  3 shadow imps
  A white imp (D:7)
  An ufetubus (D:5)
  3 worms
  2 dart slugs
  23 orcs
  6 bats
  7 endoplasms
  2 giant cockroaches
  8 goblins
  7 hobgoblins
  11 jackals
  8 kobolds
  6 ball pythons
  3 frilled lizards
  4 rats
258 creatures vanquished.

Vanquished Creatures (others)
  A gnoll zombie (D:5)
  5 fungi (D:11)
  39 plants
45 creatures vanquished.

Grand Total: 303 creatures vanquished

Notes
Turn   | Place    | Note
-------+----------+-------------------------------------------
     0 | D:1      | mtoz the Gnoll Wanderer began the quest for the Orb.
     0 | D:1      | mtoz set off with the following items: a +2 sling, a +0
                  | short sword, a +0 helmet, a scroll of blinking, a +0 robe.
     0 | D:1      | Reached XP level 1. HP: 23/23 MP: 1/1
    89 | D:1      | Reached XP level 2. HP: 29/29 MP: 2/2
   500 | D:1      | Found Mawnat's Vocational Training.
   549 | D:1      | Reached XP level 3. HP: 35/35 MP: 3/3
   569 | D:1      | Found Nuiloy's Book Shoppe.
  1110 | D:2      | Reached skill level 1 in Invocations
  1231 | D:2      | Reached skill level 1 in Long Blades
  1231 | D:2      | Reached skill level 1 in Axes
  1231 | D:2      | Reached skill level 1 in Maces & Flails
  1231 | D:2      | Reached skill level 1 in Polearms
  1231 | D:2      | Reached skill level 1 in Staves
  1231 | D:2      | Reached skill level 1 in Throwing
  1231 | D:2      | Reached skill level 1 in Stealth
  1231 | D:2      | Reached skill level 1 in Shields
  1231 | D:2      | Reached skill level 1 in Unarmed Combat
  1231 | D:2      | Reached skill level 1 in Spellcasting
  1231 | D:2      | Reached skill level 1 in Evocations
  1317 | D:2      | Reached XP level 4. HP: 41/41 MP: 5/5
  1516 | D:2      | Found a faded altar of an unknown god.
  1753 | D:3      | Reached skill level 1 in Conjurations
  1753 | D:3      | Reached skill level 1 in Hexes
  1753 | D:3      | Reached skill level 1 in Summonings
  1753 | D:3      | Reached skill level 1 in Necromancy
  1753 | D:3      | Reached skill level 1 in Translocations
  1753 | D:3      | Reached skill level 1 in Transmutations
  1753 | D:3      | Reached skill level 1 in Fire Magic
  1753 | D:3      | Reached skill level 1 in Ice Magic
  1753 | D:3      | Reached skill level 1 in Air Magic
  1753 | D:3      | Reached skill level 1 in Earth Magic
  1753 | D:3      | Reached skill level 1 in Poison Magic
  1757 | D:3      | Found a transporter.
  1765 | D:3      | Found a transporter.
  1790 | D:3      | Reached XP level 5. HP: 38/47 MP: 5/7
  2327 | D:3      | Identified the +1 robe "Miuxyri" {Regen+ Str+2 Stlth-}
  2490 | D:3      | Found a runed translucent door.
  2491 | D:3      | Noticed Crazy Yiuf
  2507 | D:3      | Killed Crazy Yiuf
  2508 | D:3      | Reached XP level 6. HP: 43/53 MP: 8/8
  3024 | D:4      | Noticed a black bear
  3039 | D:4      | Killed a black bear
  3351 | D:4      | Reached XP level 7. HP: 60/60 MP: 10/10
  3813 | D:5      | Entered Level 5 of the Dungeon
  3849 | D:5      | Reached skill level 9 in Ranged Weapons
  4002 | D:5      | Found Lanuxeg's General Store.
  4046 | D:5      | Found Ollueteu's Antique Armour Shoppe.
  4061 | D:5      | Found Nucumooh's Armour Shop.
  4064 | D:5      | Bought a pair of boots for 99 gold pieces
  4197 | D:5      | Reached XP level 8. HP: 61/67 MP: 12/12
  4246 | D:5      | Found Cangieb's Assorted Antiques.
  4253 | D:5      | Bought a viscous clear potion for 15 gold pieces
  4253 | D:5      | Bought a fizzy inky potion for 15 gold pieces
  4253 | D:5      | Bought a blue potion for 15 gold pieces
  4264 | D:5      | Gained mutation: You are somewhat resistant to further
                  | mutation. [potion of mutation]
  4885 | D:5      | Bought a potion of heal wounds for 70 gold pieces
  4885 | D:5      | Bought a potion of heal wounds for 70 gold pieces
  4888 | D:6      | Noticed Duvessa
  4888 | D:6      | Noticed Dowan
  4902 | D:5      | Killed Dowan
  4915 | D:5      | HP: 2/67 [something (8)]
  4917 | D:5      | Killed Duvessa
  4966 | D:6      | Identified the +1 cloak "Asoluef" {rPois Slay+2}
  5593 | D:6      | Reached XP level 9. HP: 73/73 MP: 14/14
  5851 | D:6      | Noticed Eustachio
  5877 | D:6      | Killed Eustachio
  5878 | D:6      | Reached skill level 5 in Short Blades
  5878 | D:6      | Reached skill level 5 in Armour
  5878 | D:6      | Reached skill level 5 in Dodging
  5889 | D:6      | Found a hazy altar of Hepliaklqana.
  5896 | D:6      | Noticed Prince Ribbit
  5909 | D:6      | Killed Prince Ribbit
  5948 | D:6      | Found a staircase to the Ecumenical Temple.
  5957 | Temple   | Entered the Ecumenical Temple
  6274 | D:6      | Found a blossoming altar of Fedhas.
  6680 | D:7      | Reached skill level 5 in Invocations
  7041 | D:7      | Noticed Joseph
  7197 | D:7      | Killed Joseph
  7919 | D:8      | Reached skill level 5 in Long Blades
  7919 | D:8      | Reached skill level 5 in Axes
  7919 | D:8      | Reached skill level 5 in Maces & Flails
  7919 | D:8      | Reached skill level 5 in Polearms
  7919 | D:8      | Reached skill level 5 in Staves
  7919 | D:8      | Reached skill level 5 in Throwing
  7919 | D:8      | Reached skill level 5 in Stealth
  7919 | D:8      | Reached skill level 5 in Shields
  7919 | D:8      | Reached skill level 5 in Unarmed Combat
  7919 | D:8      | Reached skill level 5 in Spellcasting
  7919 | D:8      | Reached skill level 5 in Evocations
  7919 | D:8      | Reached XP level 10. HP: 76/81 MP: 17/17
  7967 | D:8      | Reached skill level 10 in Ranged Weapons
  7969 | D:8      | Noticed Psyche
  8094 | D:9      | Noticed Gastronok
  8773 | D:8      | Noticed Pikel
  8786 | D:8      | Killed Pikel
  9088 | Temple   | Became a worshipper of Makhleb the Destroyer
  9605 | D:8      | Killed Psyche
 10501 | D:9      | Reached skill level 5 in Conjurations
 10501 | D:9      | Reached skill level 5 in Hexes
 10501 | D:9      | Reached skill level 5 in Summonings
 10501 | D:9      | Reached skill level 5 in Necromancy
 10501 | D:9      | Reached skill level 5 in Translocations
 10501 | D:9      | Reached skill level 5 in Transmutations
 10501 | D:9      | Reached skill level 5 in Fire Magic
 10501 | D:9      | Reached skill level 5 in Ice Magic
 10501 | D:9      | Reached skill level 5 in Air Magic
 10501 | D:9      | Reached skill level 5 in Earth Magic
 10501 | D:9      | Reached skill level 5 in Poison Magic
 10501 | D:9      | Reached XP level 11. HP: 60/89 MP: 20/20
 10670 | D:9      | Killed Gastronok
 11965 | D:9      | Learned a level 2 spell: Blink
 11967 | D:9      | Learned a level 1 spell: Slow
 11971 | D:9      | Learned a level 3 spell: Lesser Beckoning
 11975 | D:9      | Learned a level 3 spell: Vampiric Draining
 12026 | D:10     | Entered Level 10 of the Dungeon
 12248 | D:10     | Found Pulaazol's Changing Room.
 12329 | D:10     | Found a radiant altar of Vehumet.
 12330 | D:10     | Found a bloodstained altar of Trog.
 12749 | D:10     | Reached * piety under Makhleb
 12988 | D:10     | Noticed Maggie
 13000 | D:10     | Killed Maggie
 13407 | D:11     | Found a staircase to the Lair.
 13450 | D:11     | Noticed Lodul
 13463 | Lair:1   | Entered Level 1 of the Lair of Beasts
 13552 | Lair:1   | Reached skill level 11 in Ranged Weapons
 13581 | Lair:1   | Killed Lodul
 13619 | Lair:1   | Reached ** piety under Makhleb
 13832 | D:11     | Found Qionusetwi's Weapon Shop.
 13862 | D:11     | You fall into a shaft and drop 2 floors!
 14017 | D:13     | Reached XP level 12. HP: 97/97 MP: 22/22
 14320 | D:13     | HP: 1/97 [harpy (8)]
 14758 | D:12     | Noticed a boulder beetle
 14759 | D:12     | Noticed a boulder beetle
 14791 | D:13     | HP: 1/97 [boulder beetle (20)]
 14796 | D:13     | HP: 1/97 [boulder beetle (19)]
 14804 | D:13     | Annihilated by a boulder beetle

Illustrated notes

Levels and vault maps discovered:
D:1:      ncdulo_halloftheorcs, layout_basic, serial_shops, shop,
          nicolae_shop_vocational
D:2:      layout_loops_cross, hellmonk_ecumenical_altar_inner_sanctum
D:3:      gammafunk_steamed_eel, layout_rooms, uniq_crazy_yiuf_cottage
D:4:      layout_loops_ring, serial_bayou_pond_c
D:5:      layout_layer_cave, serial_shops, shop, nicolae_stop_n_shop_1,
          nicolae_square_shop, nicolae_shop_overgrown_old_shop
D:6:      layout_basic, general_overflow_altar, fedhas_altar_4,
          lemuel_temple_firewalk_b, roderic_roman_lattice,
          minmay_misc_feat_pillars, uniq_eustachio, uniq_duvessa,
          uniq_prince_ribbit1
D:7:      layout_basic, uniq_joseph
D:8:      layout_basic, chequers_serial_rivers_micro_b,
          minmay_misc_feat_ornament, kennysheep_path_1, uniq_psyche, uniq_pikel
D:9:      layout_rooms, uniq_gastronok
D:10:     layout_irregular_city, gammafunk_temple_overflow_pools,
          nicolae_transmutations_shop, uniq_maggie
D:11:     layout_loops_ring, minmay_lair_entry_grove, serial_shops,
          nicolae_inconvenience_store, uniq_lodul
D:12:     layout_loops_ring, erik_orc_4, serial_shops, nicolae_shop_behind_doors
D:13:     wad_arrow_thing, layout_long_grid, kennysheep_four_rooms, uniq_snorg
Temple:   eino_narrow_crystal_temple
Lair:1:   layout_roguey, ebering_ghost_rock_garden

Skill      XL: |  1  2  3  4  5  6  7  8  9 10 11 12 |
---------------+-------------------------------------+-----
Invocations    | 1 2 3 4 5 6 7 8 |  8.0
Long Blades    | 1 2 3 5 6 7 |  7.3
Axes           | 1 2 3 5 6 7 |  7.3
Maces & Flails | 1 2 3 5 6 7 |  7.3
Polearms       | 1 2 3 5 6 7 |  7.3
Staves         | 1 2 3 5 6 7 |  7.3
Throwing       | 1 2 3 5 6 7 |  7.3
Stealth        | 1 2 3 5 6 7 |  7.3
Shields        | 1 2 3 5 6 7 |  7.3
Unarmed Combat | 1 2 3 5 6 7 |  7.3
Spellcasting   | 1 2 3 5 6 7 |  7.3
Evocations     | 1 2 3 5 6 7 |  7.3
Conjurations   | 1 2 3 4 5 6 |  6.0
Hexes          | 1 2 3 4 5 6 |  6.0
Summonings     | 1 2 3 4 5 6 |  6.0
Necromancy     | 1 2 3 4 5 6 |  6.0
Translocations | 1 2 3 4 5 6 |  6.0
Transmutations | 1 2 3 4 5 6 |  6.0
Fire Magic     | 1 2 3 4 5 6 |  6.0
Ice Magic      | 1 2 3 4 5 6 |  6.0
Air Magic      | 1 2 3 4 5 6 |  6.0
Earth Magic    | 1 2 3 4 5 6 |  6.0
Poison Magic   | 1 2 3 4 5 6 |  6.0
Short Blades   | 3 4 5 6 7 |  7.8
Armour         | 3 4 5 6 7 |  7.8
Dodging        | 3 4 5 6 7 |  7.8
Fighting       | 7 8 9 |  9.9
Ranged Weapons | 9 10 11 | 11.2

Action                   |  1- 3 |  4- 6 |  7- 9 | 10-12 || total
-------------------------+-------+-------+-------+-------++-------
Melee: Dagger            |       |    11 |       |       ||    11
       Bite              |       |     2 |    29 |    73 ||   104
       Quarterstaff      |       |    15 |   225 |   214 ||   454
       Morningstar       |       |       |       |   295 ||   295
       Sling             |       |       |       |     2 ||     2
       Punch             |       |       |       |    19 ||    19
 Fire: Sling             |    92 |   107 |   113 |    39 ||   351
Throw: Boomerang         |       |       |       |    62 ||    62
       Dart              |       |       |       |    44 ||    44
       Javelin           |       |       |       |     7 ||     7
 Cast: Vampiric Draining |       |       |       |     4 ||     4
       Slow              |       |       |       |     3 ||     3
       Blink             |       |       |       |     3 ||     3
       Lesser Beckoning  |       |       |       |     2 ||     2
Evoke: Wand              |       |       |     1 |     2 ||     3
  Use: Potion            |       |       |    12 |     8 ||    20
       Scroll            |       |       |     6 |    14 ||    20
 Stab: Invisible         |       |     1 |       |     3 ||     4
       Petrified         |       |       |     2 |       ||     2
       Paralysed         |       |       |     2 |       ||     2
Armor: Robe              |     8 |       |    38 |   216 ||   262
       Leather armour    |     2 |    28 |     9 |       ||    39
       Plate armour      |       |       |   212 |   272 ||   484
Dodge: Dodged            |    22 |    37 |   152 |   491 ||   702
